 Dungeon Crawl Stone Soup version 0.24.0-13-gcf9b319 (webtiles) character file.

Game seed: 5925551518908014899, levelgen mode: deterministic

85969 Fang the Fighter (level 15, -2/100 HPs)
             Began as a Gargoyle Berserker on Dec 4, 2019.
             Was the Champion of Trog.
             Slain by a redback (6 damage)
             ... on level 2 of the Spider Nest.
             The game lasted 00:27:36 (24011 turns).

Fang the Fighter (Gargoyle Berserker)              Turns: 24011, Time: 00:27:36

Health: -2/100     AC: 26    Str: 28      XL:     15   Next: 85%
Magic:  15/15      EV: 17    Int:  5 (7)  God:    Trog [******]
Gold:   1975       SH:  0    Dex: 13      Spells: 14/14 levels left

rFire    + . .     SeeInvis .   a - +2 broad axe (chop)
rCold    + . .     Gourm    .   B - +0 shield
rNeg     + . .     Faith    .   b - +5 plate armour
rPois    ∞         Spirit   .   (no helmet)
rElec    +         Reflect  .   r - scarf {rC+ rF+}
rCorr    .         Harm     .   (no gloves)
MR       +....                  C - +0 pair of boots "Wapnodiy" {rElec Dex+4} (curse)
Stlth    ..........             L - amulet of regeneration
HPRegen  0.66/turn              j - +4 ring of evasion
MPRegen  0.14/turn              K - +1 ring of slaying

@: confused, corroded, flying, slowed, very slow
A: big wings, negative energy resistance 1, electricity resistance, unbreathing,
petrification resistance, rot immunity, AC +11
a: Stop Flying, Berserk, Trog's Hand, Brothers in Arms, Renounce Religion


You were on level 2 of the Spider Nest.
You worshipped Trog.
Trog was exalted by your worship.
You were not hungry.

You visited 5 branches of the dungeon, and saw 26 of its levels.
You also visited: Ossuary.

You collected 2350 gold pieces.
You spent 375 gold pieces at shops.

Inventory:

Hand Weapons
 a - a +2 broad axe of chopping (weapon)
 g - a +1 hand axe of flaming
 Q - a +1 antimagic broad axe
 S - a +3 war axe of freezing
Armour
 b - a +5 plate armour (worn)
 r - a scarf of resistance (worn)
 B - a +0 shield (worn)
 C - the cursed +0 pair of boots "Wapnodiy" (worn) {rElec Dex+4}
   (You found it on level 15 of the Dungeon)

   It affects your dexterity (+4).
   It insulates you from electricity.
   It has a curse placed upon it.
Jewellery
 j - a +4 ring of evasion (left hand)
 y - an uncursed ring of protection from cold
 K - a +1 ring of slaying (right hand)
 L - an amulet of regeneration (around neck)
Wands
 i - a wand of scattershot (2)
 p - a wand of enslavement (25)
 q - a wand of flame (25)
 s - a wand of disintegration (47)
 E - a wand of clouds (4)
 F - a wand of iceblast (11)
 G - a wand of acid (21)
 H - a wand of paralysis (24)
 N - a wand of random effects (30)
 R - a wand of polymorph (11)
Scrolls
 e - 13 scrolls of teleportation
 f - a scroll of fog
 h - 13 scrolls of remove curse
 o - a scroll of fear
 x - a scroll of holy word
 D - a scroll of summoning
 I - 6 scrolls of identify
 J - a scroll of blinking
 M - a scroll of acquirement {unknown}
 P - 3 scrolls of magic mapping
Potions
 d - a potion of invisibility
 k - 13 potions of curing
 l - a potion of ambrosia
 m - 3 potions of agility
 t - 3 potions of might
 u - 7 potions of berserk rage
 v - 4 potions of mutation
 w - a potion of cancellation
 z - a potion of resistance
 A - 4 potions of heal wounds
 O - 3 potions of haste
Comestibles
 c - 49 rations


   Skills:
 + Level 14.0 Fighting
 + Level 12.1 Axes
 + Level 13.9 Armour
 + Level 11.1 Dodging
 + Level 11.8 Shields


You had 14 spell levels left.
You didn't know any spells.
Your spell library was empty.

Dungeon Overview and Level Annotations

Branches:
Dungeon (15/15)            Temple (1/1) D:7            Lair (6/6) D:9
 Shoals (0/4) Lair:3       Spider (1/4) Lair:3        Slime (0/5) Lair:6
    Orc (2/2) D:9             Elf (0/3) Orc:2        Vaults (0/5) D:13
 Depths (0/5) D:15        Ossuary (visited)

Altars:
Ashenzari
Dithmenos
Elyvilon
Gozag
Ru
Sif Muna
Uskayaw
Vehumet
Zin
The Shining One
Beogh

Shops:
D:4 !   D:8 !   D:9 }   D:10 ?   D:12 (   D:13 *!   Orc:2 [(((!

Annotations:
D:12 1 runed translucent door
Lair:6 3 runed translucent doors, zing12's ghost, journeyman MiFi
Spider:1 Agnes


Innate Abilities, Weirdness & Mutations

You are resistant to torment.
Your stone body is resilient. (AC +11)
You are immune to poison.
Your large and strong wings let you fly indefinitely.
You resist negative energy. (rN+)
You are resistant to electric shocks. (rElec)
You can survive without breathing.
You are immune to petrification.
You are immune to rotting.


Message History

The tarantella barely misses you. You block the redback's attack.
All of the chunks of flesh in your inventory have rotted away.
You feel much better. The redback misses you. The redback closely misses you.
The jumping spider rages.
The tarantella bites you!
* * * LOW HITPOINT WARNING * * *
You are confused.
The redback bites you!
* * * LOW HITPOINT WARNING * * *
The redback bites you.
* * * LOW HITPOINT WARNING * * *
The redback bites you but does no damage.
The jumping spider leaps!
The tarantella closely misses you. The redback bites you.
* * * LOW HITPOINT WARNING * * *
The redback bites you but does no damage.
The redback bites you.
* * * LOW HITPOINT WARNING * * *
The redback bites you.
You die...

#...#.............
..........#.......
...#.........○.^..
...(.......?......
.^...s..........
#.s.y.°....#
#.s..#..#
###....#.# ##...#
# ##..# ####


You could see an entropy weaver, a torpor snail (berserk), a moth of wrath, 2
jumping spiders, a tarantella (berserk) and 7 redbacks.

Vanquished Creatures
  Nessos (Orc:2)
  A stone giant (Orc:2)
  14 hydras
  A centaur warrior (D:14)
  4 catoblepae
  5 two-headed ogres
  6 death yaks (Lair:6)
  An orc high priest (Orc:1)
  2 tengu warriors (D:15)
  Urug (Lair:3)
  Nergalle (D:12)
  2 unseen horrors
  A deep troll (D:13)
  An orb spider (shapeshifter) (D:13)
  An orc knight (Orc:2)
  An orc sorcerer (Orc:1)
  4 ugly things
  A wolf spider (Spider:2)
  6 manticores
  4 cyclopes
  2 deep elf magi
  Joseph (D:7)
  Maurice (D:12)
  3 elephants (Lair:6)
  4 black mambas
  A torpor snail (shapeshifter) (D:15)
  5 centaur skeletons
  9 spiny frogs
  Psyche (D:9)
  A yaktaur (shapeshifter) (D:13)
  A freezing wraith (D:13)
  A yaktaur (D:15)
  5 komodo dragons
  A komodo dragon (shapeshifter) (D:13)
  A tengu conjurer (D:15)
  An efreet (D:15)
  3 jumping spiders (Lair:3)
  7 trolls
  Prince Ribbit (D:6)
  A polar bear (Lair:6)
  A polar bear (shapeshifter) (D:14)
  12 slime creatures
  2 dream sheep (D:9)
  A wind drake (shapeshifter) (D:13)
  A snapping turtle (Lair:3)
  18 blink frogs
  11 hippogriffs
  A blink frog (shapeshifter) (D:13)
  A redback (Lair:3)
  A vampire (D:14)
  A tarantella (shapeshifter) (D:15)
  A shadow (D:12)
  4 wyverns
  4 hungry ghosts
  53 yaks
  7 basilisks
  6 vampire mosquitoes
  Grum (D:9)
  Menkaure (D:7)
  2 wargs
  A soldier ant (D:13)
  Edmund (D:6)
  Duvessa (D:7)
  2 acid dragons
  An ice beast (D:7)
  13 water moccasins
  39 orc warriors
  8 porcupines
  A black bear (D:13)
  An eye of draining (D:12)
  A phantom (D:7)
  7 sky beasts
  11 ogres
  17 centaurs
  10 wolves
  13 crocodiles
  Blork the orc (D:6)
  4 big kobolds
  24 bullfrogs
  2 elf zombies (Ossuary)
  2 wyvern zombies
  Dowan (D:7)
  A hornet simulacrum (D:14)
  5 killer bees (D:8)
  6 scorpions
  2 howler monkeys (D:10)
  6 electric eels
  3 bullfrog zombies
  6 crimson imps
  13 orc priests
  A lava snake (Lair:3)
  6 centaur zombies
  9 hounds
  A human zombie (Ossuary)
  20 orc wizards
  Crazy Yiuf (D:3)
  A bullfrog skeleton (D:13)
  9 jellies
  Jessica (D:3)
  4 iguanas
  2 worker ants
  A big kobold zombie (Ossuary)
  A hound zombie (D:6)
  4 mummies (Ossuary)
  A worker ant zombie (D:11)
  6 gnolls (D:2)
  20 adders
  7 shadow imps
  An ooze (D:4)
  2 adder zombies
  3 worms
  4 dart slugs
  72 orcs
  3 bats (D:3)
  2 giant cockroaches
  5 goblins
  5 hobgoblins
  16 jackals
  12 kobolds
  4 quokkas
  A ball python (D:3)
  5 frilled lizards
  A goblin zombie (Ossuary)
  3 hobgoblin zombies (Ossuary)
  A jackal skeleton (D:6)
  A jackal zombie (D:6)
  A kobold zombie (Ossuary)
  An orc zombie (Ossuary)
  6 rats
  2 rat zombies
  3 fungi
  3 plants
692 creatures vanquished.

Vanquished Creatures (collateral kills)
  A dire elephant (D:15)
  A wraith (D:14)
2 creatures vanquished.

Vanquished Creatures (others)
  An orc wizard (Orc:2)
  2 fungi
  3 plants
6 creatures vanquished.

Grand Total: 700 creatures vanquished

Notes
Turn   | Place    | Note
-------+----------+-------------------------------------------
     0 | D:1      | Fang the Gargoyle Berserker began the quest for the Orb.
     0 | D:1      | Reached XP level 1. HP: 14/14 MP: 1/1
   255 | D:1      | Reached XP level 2. HP: 16/19 MP: 2/2
   845 | D:2      | Reached XP level 3. HP: 19/24 MP: 3/3
   942 | D:2      | Reached XP level 4. HP: 26/29 MP: 4/4
   978 | D:2      | Reached skill level 4 in Fighting
  1008 | D:2      | Reached ** piety under Trog
  1113 | D:2      | Reached XP level 5. HP: 33/33 MP: 5/5
  1578 | D:2      | Found a shimmering blue altar of Sif Muna.
  1712 | D:3      | Noticed Jessica
  1716 | D:3      | Killed Jessica
  1716 | D:3      | Reached XP level 6. HP: 39/39 MP: 6/6
  1967 | D:3      | Found a shattered altar of Ashenzari.
  2464 | D:3      | Found a runed translucent door.
  2465 | D:3      | Noticed Crazy Yiuf
  2593 | D:3      | Paralysed by Crazy Yiuf for 6 turns
  2607 | D:3      | Killed Crazy Yiuf
  2607 | D:3      | Paralysed by fainting for 5 turns
  2685 | D:4      | You fall into a shaft and drop 3 floors!
  2838 | D:7      | Noticed an ice beast
  2847 | D:7      | Killed an ice beast
  2847 | D:7      | Reached skill level 5 in Fighting
  2847 | D:7      | Reached XP level 7. HP: 44/44 MP: 7/7
  2915 | D:7      | Found a white marble altar of Elyvilon.
  3012 | D:7      | Noticed Duvessa
  3012 | D:7      | Noticed Dowan
  3030 | D:7      | Killed Duvessa
  3035 | D:7      | Killed Dowan
  3244 | D:7      | Reached skill level 5 in Armour
  3259 | D:7      | Found a staircase to the Ecumenical Temple.
  3304 | D:7      | Found a shadowy altar of Dithmenos.
  3304 | D:7      | Noticed Menkaure
  3308 | D:7      | Killed Menkaure
  3308 | D:7      | Reached XP level 8. HP: 51/51 MP: 8/8
  3316 | D:7      | Reached *** piety under Trog
  3359 | Temple   | Entered the Ecumenical Temple
  3373 | D:7      | Noticed Joseph
  3390 | D:7      | Killed Joseph
  3390 | D:7      | Reached skill level 6 in Fighting
  3390 | D:7      | Reached skill level 5 in Axes
  3642 | D:6      | Found a sand-covered staircase.
  3654 | Ossuary  | Entered an ossuary
  3915 | D:6      | Reached XP level 9. HP: 56/56 MP: 9/9
  4071 | D:6      | Noticed Blork the orc
  4080 | D:6      | Noticed Prince Ribbit
  4095 | D:6      | Killed Blork the orc
  4095 | D:6      | Reached skill level 7 in Fighting
  4096 | D:6      | Killed Prince Ribbit
  4096 | D:6      | Reached skill level 5 in Dodging
  4244 | D:6      | Found a sacrificial altar of Ru.
  4245 | D:6      | Found a radiant altar of Vehumet.
  4246 | D:6      | Found a glowing silver altar of Zin.
  4247 | D:6      | Noticed Edmund
  4259 | D:6      | Killed Edmund
  4543 | D:6      | Found an opulent altar of Gozag.
  4680 | D:5      | Entered Level 5 of the Dungeon
  5012 | D:5      | Found a glowing golden altar of the Shining One.
  5115 | D:5      | Noticed a +0 dagger
  5116 | D:5      | Found a hide-covered altar of Uskayaw.
  5116 | D:5      | Noticed a +0 hand axe
  5126 | D:5      | You fall into a shaft and drop 3 floors!
  5215 | D:8      | Reached **** piety under Trog
  5263 | D:8      | Found Ycuyvuo's Distillery.
  5382 | D:8      | Reached skill level 8 in Fighting
  5590 | D:8      | Reached XP level 10. HP: 64/64 MP: 10/10
  6264 | D:4      | Found Yrchetwa's Distillery.
  7044 | D:9      | Reached skill level 1 in Shields
  7160 | D:9      | Noticed Psyche
  7235 | D:9      | Reached ***** piety under Trog
  7237 | D:9      | Reached skill level 9 in Fighting
  7246 | D:9      | Noticed a three-headed hydra
  7258 | D:9      | Killed a one-headed hydra
  7324 | D:9      | Killed Psyche
  7529 | D:9      | Reached XP level 11. HP: 60/71 MP: 11/11
  7666 | D:9      | Found Laozalum's Gadget Boutique.
  7667 | D:9      | Noticed a five-headed hydra
  7698 | D:9      | Noticed Grum
  7714 | D:9      | Killed a one-headed hydra
  7725 | D:9      | Killed Grum
  8175 | D:9      | Found a staircase to the Lair.
  8467 | D:9      | Found a roughly hewn altar of Beogh.
  8469 | D:9      | Found a staircase to the Orcish Mines.
  8681 | D:10     | Entered Level 10 of the Dungeon
  8865 | D:10     | Reached skill level 5 in Shields
  8893 | D:10     | Reached skill level 10 in Fighting
  9099 | D:10     | Noticed a two-headed ogre
  9108 | D:10     | Killed a two-headed ogre
  9108 | D:10     | Received a gift from Trog
  9306 | D:10     | Found Witila's Magic Scroll Shop.
  9466 | D:11     | Noticed a cyan ugly thing
  9479 | D:11     | Killed a cyan ugly thing
  9593 | D:11     | Noticed a two-headed ogre
  9598 | D:11     | Reached skill level 10 in Armour
  9606 | D:11     | Killed a two-headed ogre
  9754 | D:11     | Noticed a two-headed ogre
  9758 | D:11     | Killed a two-headed ogre
  9758 | D:11     | Reached XP level 12. HP: 46/78 MP: 12/12
  9954 | D:11     | Noticed a two-headed ogre
  9970 | D:11     | Killed a two-headed ogre
 10278 | Lair:1   | Entered Level 1 of the Lair of Beasts
 10354 | Lair:1   | You fall into a shaft and drop 1 floor!
 11489 | Lair:2   | Reached skill level 11 in Fighting
 11788 | Lair:2   | Noticed a five-headed hydra
 11797 | Lair:2   | Killed a one-headed hydra
 12263 | D:4      | Bought a potion of heal wounds for 55 gold pieces
 12263 | D:4      | Bought a potion of heal wounds for 55 gold pieces
 12263 | D:4      | Bought 2 potions of heal wounds for 110 gold pieces
 12419 | Lair:1   | Noticed a six-headed hydra
 12432 | Lair:1   | Killed a four-headed hydra
 13033 | Lair:1   | Reached XP level 13. HP: 38/84 MP: 13/13
 14171 | Lair:3   | Noticed Urug
 14197 | Lair:3   | Killed Urug
 14197 | Lair:3   | Reached skill level 10 in Axes
 14509 | Lair:3   | Received a gift from Trog
 14856 | Lair:3   | Found a staircase to the Shoals.
 15222 | Lair:3   | Found a hole to the Spider Nest.
 15647 | Lair:4   | Reached skill level 12 in Fighting
 17281 | Lair:6   | Entered Level 6 of the Lair of Beasts
 17312 | Lair:6   | Noticed zing12's ghost (journeyman MiFi)
 17372 | Lair:6   | Found a runed translucent gate.
 17372 | Lair:6   | Found a runed translucent gate.
 17372 | Lair:6   | Found a runed translucent gate.
 17403 | Lair:6   | Gained mutation: Your large and strong wings let you fly
                  | indefinitely. [Gargoyle growth]
 17403 | Lair:6   | Reached XP level 14. HP: 19/92 MP: 14/14
 17579 | Lair:6   | Found a staircase to the Slime Pits.
 17626 | Lair:6   | Received a gift from Trog
 17862 | Lair:6   | Reached skill level 10 in Shields
 17944 | Lair:6   | Reached skill level 10 in Dodging
 18125 | Lair:6   | Identified the Disquisition on Unstable Sinister Secrets
 18991 | D:12     | Reached skill level 13 in Fighting
 19143 | D:12     | Noticed Maurice
 19145 | D:12     | Noticed Nergalle
 19152 | D:12     | Killed Nergalle
 19186 | D:12     | Killed Maurice
 19305 | D:12     | Received a gift from Trog
 19405 | D:12     | Noticed a storm dragon
 19405 | D:12     | Noticed a vampire knight
 19406 | D:12     | Found a runed translucent door.
 19406 | D:12     | Noticed a deep elf annihilator
 19594 | D:12     | Found Vuzobat's Antique Weapon Boutique.
 19809 | D:13     | Reached ****** piety under Trog
 20201 | D:13     | Found Ysmouchyih's Changing Room.
 20245 | D:13     | Found Emo Gauc's Distillery.
 20256 | D:13     | Received a gift from Trog
 20259 | D:13     | Reached XP level 15. HP: 82/99 MP: 15/15
 20279 | D:13     | Bought a potion of heal wounds for 65 gold pieces
 20451 | D:13     | Found a gate to the Vaults.
 21302 | D:14     | Found a white marble altar of Elyvilon.
 21576 | D:15     | Entered Level 15 of the Dungeon
 21602 | D:15     | Found a frozen archway.
 21658 | D:15     | HP: 6/148 [manticore (26)]
 22084 | D:15     | Received a gift from Trog
 22101 | D:15     | Got a pair of slimy boots
 22107 | D:15     | Identified the cursed +0 pair of boots "Wapnodiy" {rElec
                  | Dex+4} (You found it on level 15 of the Dungeon)
 22317 | D:15     | Found a staircase to the Depths.
 22666 | Orc:1    | Entered Level 1 of the Orcish Mines
 22671 | Orc:1    | Paralysed by an orc sorcerer for 5 turns
 22872 | Orc:2    | Entered Level 2 of the Orcish Mines
 22874 | Orc:2    | Found a staircase to the Elven Halls.
 22908 | Orc:2    | Found Cuat's Antique Armour Emporium.
 22956 | Orc:2    | Found Biufacil's Antique Weapon Shop.
 22957 | Orc:2    | Found Ososipram's Weapon Emporium.
 22957 | Orc:2    | Found Navyet's Antique Weapon Boutique.
 22998 | Orc:2    | Found Peerost's Distillery.
 23162 | Orc:2    | Bought a potion of heal wounds for 90 gold pieces
 23175 | Orc:2    | Noticed Nessos
 23225 | Orc:2    | Killed Nessos
 23225 | Orc:2    | Reached skill level 14 in Fighting
 23664 | Orc:1    | Received a gift from Trog
 23999 | Spider:1 | Entered Level 1 of the Spider Nest
 23999 | Spider:1 | Noticed Agnes
 24000 | Spider:1 | You are sucked into a shaft and drop 1 floor!
 24011 | Spider:2 | HP: 4/100 [redback (2)]
 24011 | Spider:2 | Slain by a redback

Levels and vault maps discovered:
D:1:      tarquinn_simple_flora_water_a, layout_basic
D:2:      layout_basic, lemuel_blue_sif_altar
D:3:      layout_basic, ashenzari_altar_1, nrook_uturn, uniq_jessica,
          uniq_crazy_yiuf_cottage
D:4:      layout_basic, serial_shops, shop
D:5:      layout_cave_pools, dancing_weapons_uskayaw, first_ration,
          nicolae_tso_carved_into_rock
D:6:      layout_loops_ring, chequers_temple_overflow_statue_of_worship,
          lemuel_doored_altar, enter_ossuary_3, corexii_checkpoint_a,
          uniq_blork_the_orc, uniq_prince_ribbit1, uniq_edmund
D:7:      layout_loops_cross, old_standard_altar, minmay_temple_entry_glass,
          grunt_dithmenos_shadows, uniq_menkaure, uniq_duvessa, uniq_joseph
D:8:      layout_loops_cross, serial_shops, shop, kennysheep_generic_room_11
D:9:      layout_stronghold, david_lair_generic, david_orc_5, serial_shops,
          nicolae_shop_waterfront, serial_column_ruins, column_ruins_hut,
          column_ruins_open_tiny, column_ruins_corridor_straight,
          column_ruins_open_tiny, hangedman_ranch [blue_anna_fruit_fields],
          chequers_serial_rivers_large_a, kennysheep_generic_room_13, uniq_grum,
          uniq_psyche
D:10:     layout_basic, serial_shops, shop_fountains, hangedman_decor_lopped
D:11:     layout_roguey
D:12:     layout_loops_cross, serial_shops, shop, kennysheep_treasure_room,
          uniq_nergalle, uniq_maurice
D:13:     layout_irregular_city, david_vaults_4, serial_shops,
          nicolae_shop_window_shopping, nicolae_transmutations_shop,
          grunt_ministairs_1, feat_on_display
D:14:     layout_stronghold, elyvilon_altar_3
D:15:     hangedman_depths_entry_try_elsewhere_first, layout_basic,
          portal_ice_cave_entry_pillars_2, minmay_misc_feat_cross
Temple:   eino_temple_water
Lair:1:   layout_layer_cave
Lair:2:   cheibrodos_lair_river_kwai, layout_loops_ring, serial_bayou_shore_a,
          infiniplex_staircase_pool_2
Lair:3:   minmay_lair_venomous_thicket, layout_gridlike,
          minmay_shoals_entry_hut, spider_nest_entry_funnel_web, uniq_urug
Lair:4:   layout_gridlike, serial_bayou_shore_b, lemuel_fruit_fields,
          lemuel_fruit_tree
Lair:5:   layout_regular_city
Lair:6:   evilmike_catoblepas_cave, layout_regular_city,
          minmay_slime_entry_pillars, gammafunk_ghost_split, st_stairs_6
Spider:1: layout_spider_delve, uniq_nikola, uniq_agnes
Spider:2: layout_spider_delve
Orc:1:    layout_caves
Orc:2:    st_orc_rangers, layout_caves, serial_shops, nicolae_shop_waterfront,
          uniq_nessos

Skill      XL: |  1  2  3  4  5  6  7  8  9 10 11 12 13 14 15 |
---------------+----------------------------------------------+-----
Axes           | 3 4 5 6 7 8 9 10 11 12 | 12.1
Dodging        | 2 3 4 5 6 7 8 9 10 11 | 11.1
Armour         | 3 4 5 6 7 9 10 11 12 13 | 13.9
Fighting       | 4 5 6 8 9 10 11 12 13 14 | 14.0
Shields        | 3 6 7 9 10 11 | 11.8

Action                   |  1- 3 |  4- 6 |  7- 9 | 10-12 | 13-15 || total
-------------------------+-------+-------+-------+-------+-------++-------
Melee: Hand axe          |    91 |   231 |   326 |    78 |   206 ||   932
       War axe           |       |       |    50 |   340 |       ||   390
       Broad axe         |       |       |       |   336 |  1151 ||  1487
Invok: Berserk           |     1 |     4 |     7 |     9 |    20 ||    41
       Trog's Hand       |       |       |     1 |       |     2 ||     3
       Brothers in Arms  |       |       |       |       |     1 ||     1
 Abil: Fly               |       |       |       |       |     1 ||     1
  Use: Scroll            |       |       |       |    23 |    12 ||    35
       Potion            |       |       |       |       |     2 ||     2
 Stab: Petrified         |       |       |       |       |     7 ||     7
  Eat: Chunk             |     1 |     7 |    12 |    26 |    57 ||   103
       Ration            |       |     1 |     1 |     4 |     1 ||     7
Armor: Animal skin       |    14 |       |       |       |       ||    14
       Plate armour      |    47 |   127 |   238 |   496 |   887 ||  1795
Dodge: Dodged            |    48 |   111 |   239 |   448 |   922 ||  1768
Block: Shield            |       |       |       |   411 |  1062 ||  1473
